 Dungeon Sprint DCSS version 0.22-a0-388-g09e6169 (webtiles) character file.

35 emperorscorpion the Magician (level 3, -5/27 HPs)
             Began as a Gnoll Wizard on Apr 29, 2018.
             Slain by a scorpion (6 damage)
             ... in the Dungeon (Sprint IX: "|||||||||||||||||||||||||||||").
             The game lasted 00:00:35 (155 turns).

emperorscorpion the Magician (Gnoll Wizard)          Turns: 155, Time: 00:00:36

Health: -5/27      AC:  2    Str:  9    XL:     3   Next: 33%
Magic:  1/11       EV: 15    Int: 20    God:
Gold:   0          SH:  0    Dex: 14    Spells: 15/16 levels left

rFire    . . .     SeeInvis .     - Unarmed
rCold    . . .     Gourm    .   (no shield)
rNeg     . . .     Faith    .   a - +0 robe
rPois    .         Spirit   .   b - +0 hat
rElec    .         Reflect  .   (no cloak)
rCorr    .         Harm     .   (no gloves)
MR       .....     NoTele   +   (no boots)
Stlth    +++.......             (no amulet)
HPRegen  0.09/turn              (no ring)
MPRegen  0.12/turn              (no ring)

@: lethally poisoned (-5 -> -14), berserk cooldown, very slightly contaminated,
slowed, very slow
A: distributed training, fangs 1, strong nose
a: no special abilities


You were in the Dungeon.
You were not hungry.

You visited 1 branch

Inventory:

Armour
 a - a +0 robe (worn)
 b - a +0 hat (worn)
Scrolls
 j - a scroll of blinking
Potions
 f - a potion of heal wounds
 g - a potion of haste
 h - 2 potions of magic
Comestibles
 c - 4 chunks of flesh
 d - a ration


   Skills:
 + Level 1.9 Fighting
 + Level 1.9 Short Blades
 + Level 1.9 Long Blades
 + Level 1.9 Axes
 + Level 1.9 Maces & Flails
 + Level 1.9 Polearms
 + Level 1.9 Staves
 + Level 1.9 Slings
 + Level 1.9 Bows
 + Level 1.9 Crossbows
 + Level 1.9 Throwing
 + Level 1.9 Armour
 + Level 5.0 Dodging
 + Level 4.6 Stealth
 + Level 1.9 Shields
 + Level 1.9 Unarmed Combat
 + Level 7.4 Spellcasting
 + Level 2.6 Conjurations
 + Level 1.5 Hexes
 + Level 1.5 Charms
 + Level 2.6 Summonings
 + Level 1.5 Necromancy
 + Level 2.6 Translocations
 + Level 1.5 Transmutations
 + Level 1.5 Fire Magic
 + Level 1.5 Ice Magic
 + Level 1.5 Air Magic
 + Level 1.5 Earth Magic
 + Level 1.5 Poison Magic
 + Level 2.1 Invocations
 + Level 1.9 Evocations


You had 15 spell levels left.
You knew the following spells:

 Your Spells              Type           Power        Failure   Level  Hunger
a - Magic Dart            Conj           ###.         3%          1    None


Dungeon Overview and Level Annotations

Branches:
Dungeon (1/1)

Altars:


Innate Abilities, Weirdness & Mutations

Your experience applies equally to all skills.
You have very sharp teeth.
Your uncanny sense of smell can sniff out nearby items.


Message History

Confirm with . or Enter, or press ? or * to list all spells.
Aiming: Magic Dart (safe; 3% risk of failure)
Press: ? - help, Shift-Dir - straight line, f - scorpion
Aim: a scorpion (heavily wounded)
The magic dart hits the scorpion.
The scorpion is heavily wounded.
The scorpion stings you.
* * * LOW HITPOINT WARNING * * *
You are more poisoned.
The scorpion poisons you! The scorpion closely misses you.
Casting: Magic Dart (safe; 3% risk of failure)
Confirm with . or Enter, or press ? or * to list all spells.
Aiming: Magic Dart (safe; 3% risk of failure)
Press: ? - help, Shift-Dir - straight line, f/p - scorpion
Aim: a scorpion (heavily wounded)
The magic dart hits the scorpion.
The scorpion is severely wounded.
* * * LOW HITPOINT WARNING * * *
You feel sick. The scorpion stings you.
You die...

∆∆∆∆∆∆∆∆∆∆
▓▓▓▓▓▓▓▓▓▓▓▓▓▓▓▓▓▓
▓<...'.....@sl...+
▓▓▓▓▓▓▓▓▓▓▓▓▓▓▓▓▓▓


You could see a scorpion and a leopard gecko.

Vanquished Creatures
  A worker ant (D)
  An adder zombie (D)
  A leopard gecko (D)
  An orc (D)
  A giant cockroach (D)
  A frilled lizard (D)
  A kobold (D)
  A rat (D)
8 creatures vanquished.

Notes
Turn   | Place    | Note
-------+----------+-------------------------------------------
     0 | D        | emperorscorpion the Gnoll Wizard began the quest for the Orb.
     0 | D        | Reached XP level 1. HP: 13/13 MP: 8/8
    15 | D        | Reached skill level 1 in Invocations
   130 | D        | Noticed a worker ant
   130 | D        | Noticed a scorpion
   142 | D        | Killed a worker ant
   142 | D        | Reached skill level 1 in Fighting
   142 | D        | Reached skill level 1 in Short Blades
   142 | D        | Reached skill level 1 in Long Blades
   142 | D        | Reached skill level 1 in Axes
   142 | D        | Reached skill level 1 in Maces & Flails
   142 | D        | Reached skill level 1 in Polearms
   142 | D        | Reached skill level 1 in Staves
   142 | D        | Reached skill level 1 in Slings
   142 | D        | Reached skill level 1 in Bows
   142 | D        | Reached skill level 1 in Crossbows
   142 | D        | Reached skill level 1 in Throwing
   142 | D        | Reached skill level 1 in Armour
   142 | D        | Reached skill level 1 in Shields
   142 | D        | Reached skill level 1 in Unarmed Combat
   142 | D        | Reached skill level 1 in Hexes
   142 | D        | Reached skill level 1 in Charms
   142 | D        | Reached skill level 1 in Necromancy
   142 | D        | Reached skill level 1 in Transmutations
   142 | D        | Reached skill level 1 in Fire Magic
   142 | D        | Reached skill level 1 in Ice Magic
   142 | D        | Reached skill level 1 in Air Magic
   142 | D        | Reached skill level 1 in Earth Magic
   142 | D        | Reached skill level 1 in Poison Magic
   142 | D        | Reached skill level 1 in Evocations
   142 | D        | Reached XP level 2. HP: 16/22 MP: 2/10
   142 | D        | Reached XP level 3. HP: 20/27 MP: 2/11
   148 | D        | Reached skill level 5 in Dodging
   155 | D        | HP: 1/27 [poisoned by a scorpion]
   155 | D        | Slain by a scorpion

Vault maps used:
D:        linesprint

Skill      XL: |  1  2  3 |
---------------+----------+-----
Conjurations   | 2 |  2.6
Summonings     | 2 |  2.6
Translocations | 2 |  2.6
Invocations    | 2 |  2.1
Fighting       | 1 |  1.9
Short Blades   | 1 |  1.9
Long Blades    | 1 |  1.9
Axes           | 1 |  1.9
Maces & Flails | 1 |  1.9
Polearms       | 1 |  1.9
Staves         | 1 |  1.9
Slings         | 1 |  1.9
Bows           | 1 |  1.9
Crossbows      | 1 |  1.9
Throwing       | 1 |  1.9
Armour         | 1 |  1.9
Shields        | 1 |  1.9
Unarmed Combat | 1 |  1.9
Hexes          | 1 |  1.5
Charms         | 1 |  1.5
Necromancy     | 1 |  1.5
Transmutations | 1 |  1.5
Fire Magic     | 1 |  1.5
Ice Magic      | 1 |  1.5
Air Magic      | 1 |  1.5
Earth Magic    | 1 |  1.5
Poison Magic   | 1 |  1.5
Evocations     | 1 |  1.9
Dodging        | 5 |  5.0
Stealth        | |  4.6
Spellcasting   | |  7.4

Action                   || total
-------------------------++-------
Melee: Unarmed           ||    14
       Bite              ||     3
 Cast: Magic Dart        ||    16
  Use: Potion            ||     2
Armor: Robe              ||     4
Dodge: Dodged            ||    13

Table legend:
 A = Spawn XP
 B = Non-spawn XP
 C = Spawn XP percentage of total XP
 D = Spawn monster count
 E = Non-spawn monster count
 F = Spawn count percentage of total count
 G = Total turns spent on level
                    A         B        C        D         E        F      G
               +---------+---------+-------+---------+---------+-------+---------
         Total |       0 |      50 |   0.0 |       0 |       8 |   0.0 |   155
               +---------+---------+-------+---------+---------+-------+---------
             D |       0 |      50 |   0.0 |       0 |       8 |   0.0 |   155
               +---------+---------+-------+---------+---------+-------+---------
